 Dungeon Crawl Stone Soup version 0.22.1-1-ga44c0e56f4 (webtiles) character file.

9312 Knicklaso the Geomancer (level 11, -7/69 HPs)
             Began as a Gargoyle Earth Elementalist on Oct 5, 2018.
             Was an Elder of Elyvilon (penitent).
             Mangled by a queen bee (12 damage)
             ... on level 1 of the Lair of Beasts.
             The game lasted 00:42:49 (13126 turns).

Knicklaso the Geomancer (GrEE)                     Turns: 13126, Time: 00:42:53

Health: -7/69      AC: 16    Str: 11 (12) XL:     11   Next: 44%
Magic:  3/18       EV: 14    Int: 26 (27) God:    Elyvilon [*]
Gold:   302        SH:  0    Dex:  7 (10) Spells: 3/20 levels left

rFire    + + .     SeeInvis .   c - +3 hand axe of Spores {freeze, rF+}
rCold    . . .     Gourm    .   (no shield)
rNeg     + . .     Faith    +   v - +1 robe of Firiqav {rElec rPois MR+ Int+3}
rPois    ∞         Spirit   .   y - +2 helmet
rElec    +         Reflect  .   s - +1 cloak
rCorr    .         Harm     .   (no gloves)
MR       ++...                  (no boots)
Stlth    ++........             g - amulet of faith
HPRegen  0.21/turn              j - ring of protection from fire
MPRegen  0.16/turn              B - ring of protection from magic

@: brilliant, about to teleport, protection
A: negative energy resistance 1, electricity resistance, unbreathing,
petrification resistance, rot immunity, AC +8
a: Renounce Religion


You were on level 1 of the Lair of Beasts.
You worshipped Elyvilon.
Elyvilon was demanding penance.
You were not hungry.

You visited 3 branches of the dungeon, and saw 12 of its levels.
You also visited: Ossuary.

You collected 587 gold pieces.
You spent 285 gold pieces at shops.

Inventory:

Hand Weapons
 c - the +3 hand axe of Spores (weapon) {freeze, rF+}
   (You found it on level 5 of the Dungeon)

   It has been specially enchanted to freeze those struck by it, causing extra
   injury to most foes and up to half again as much damage against particularly
   susceptible opponents.
   It can also slow down cold-blooded creatures.
   It protects you from fire.
 C - a +3 mace
 L - the cursed +1 war axe "Kuudes" {flame, Int+4}
   (You found it on level 8 of the Dungeon)

   It has been specially enchanted to burn those struck by it, causing extra
   injury to most foes and up to half again as much damage against particularly
   susceptible opponents.
   Big, fiery blades are also staple armaments of hydra-hunters.
   It affects your intelligence (+4).
   It has a curse placed upon it.
Missiles
 b - 189 stones (quivered)
Armour
 s - a +1 cloak (worn)
 v - the +1 robe of Firiqav (worn) {rElec rPois MR+ Int+3}
   (You found it on level 4 of the Dungeon)

   It affects your intelligence (+3).
   It insulates you from electricity.
   It protects you from poison.
   It affects your resistance to hostile enchantments.
 y - a +2 helmet (worn)
Magical Staves
 R - a cursed staff of death {unknown}
Jewellery
 g - an amulet of faith (around neck)
 j - a ring of protection from fire (left hand)
 n - an uncursed ring of protection from cold
 B - a ring of protection from magic (right hand)
 K - an uncursed ring of protection from cold
 O - a +3 amulet of reflection {unknown}
 T - a cursed ring of attention {unknown}
Wands
 e - a wand of acid (19)
 h - a wand of random effects (38)
 N - a wand of iceblast (19)
 P - a wand of digging (9)
Scrolls
 a - 2 scrolls of fog
 f - 5 scrolls of remove curse
 i - 9 scrolls of identify
 o - 3 scrolls of enchant weapon {unknown}
 p - 3 scrolls of amnesia {unknown}
 q - a scroll of immolation {unknown}
 t - a scroll of enchant armour {unknown}
 x - 3 scrolls of noise {unknown}
 F - 3 scrolls of fear {unknown}
 H - 2 scrolls of blinking {unknown}
 I - a scroll of torment {unknown}
 M - 2 scrolls of random uselessness {unknown}
 S - a scroll of magic mapping
Potions
 k - 2 potions of lignification {unknown}
 l - a potion of haste {unknown}
 m - 4 potions of degeneration
 r - 4 potions of flight
 u - 2 potions of agility {unknown}
 z - 3 potions of cancellation
 A - 3 potions of curing {unknown}
 D - 2 potions of mutation {unknown}
 E - 3 potions of brilliance
 J - 2 potions of invisibility {unknown}
Comestibles
 d - 23 rations


   Skills:
 + Level 8.5 Fighting
 + Level 6.0 Dodging
 - Level 2.1 Stealth
 - Level 5.3 Spellcasting
 - Level 8.0 Conjurations
 - Level 0.7 Transmutations
 + Level 1.6 Air Magic
 - Level 9.8 Earth Magic
 + Level 2.0 Poison Magic
 + Level 7.5 Invocations


You had 3 spell levels left.
You knew the following spells:

 Your Spells              Type           Power        Failure   Level  Hunger
a - Sandblast             Erth           ######       1%          1    None
b - Passwall              Tmut/Erth      ######..     1%          2    None
c - Stone Arrow           Conj/Erth      ######       1%          3    #......
d - Lee's Rapid Deconstr  Erth           ######....   1%          5    #####..
e - Mephitic Cloud        Conj/Pois/Air  #####...     1%          3    #......
f - Conjure Flame         Conj/Fire      #####...     1%          3    #......

Your spell library contained the following spells:

 Spells                   Type           Power        Failure   Level  Hunger
 Animate Skeleton         Necr           N/A          1%          1    None
 Apportation              Tloc           ###...       1%          1    None
 Confusing Touch          Hex            ###...       1%          1    None
 Corona                   Hex            ###....      1%          1    None
 Magic Dart               Conj           ####         1%          1    None
 Summon Small Mammal      Summ           ###.         1%          1    None
 Blink                    Tloc           N/A          1%          2    None
 Call Imp                 Summ           ###.....     1%          2    None
 Slow                     Hex            ###.....     1%          2    None
 Inner Flame              Hex/Fire       ###.....     2%          3    #......
 Portal Projectile        Hex/Tloc       ###...       2%          3    #......
 Leda's Liquefaction      Hex/Erth       #####.....   1%          4    ###....
 Petrify                  Tmut/Erth      ######..     1%          4    ###....
 Cause Fear               Hex            ###.......   9%          4    ###....


Dungeon Overview and Level Annotations

Branches:
Dungeon (10/15)            Temple (1/1) D:4            Lair (1/6) D:10
    Orc (0/2) D:10

Altars:
Ashenzari
Cheibriados
Dithmenos
Elyvilon
Fedhas
Gozag
Hepliaklqana
Kikubaaqudgha
Makhleb
Nemelex Xobeh
Okawaru
Qazlal
Ru
Sif Muna
Trog
Uskayaw
Vehumet
Wu Jian
Xom
Yredelemnul
Zin
The Shining One

Shops:
D:7 ::[!*   D:9 ?   D:10 [


Innate Abilities, Weirdness & Mutations

You are resistant to torment.
Your stone body is resilient. (AC +8)
You are immune to poison.
You resist negative energy. (rN+)
You are resistant to electric shocks. (rElec)
You can survive without breathing.
You are immune to petrification.
You are immune to rotting.


Message History

The killer bee misses you.
The killer bee stings you but does no damage.
The killer bee barely misses you. The queen bee stings you.
* * * LOW HITPOINT WARNING * * *
Okay, then.
Okay, then.
As you read the scroll of teleportation, it crumbles to dust.
You feel strangely unstable. The killer bee barely misses you.
The killer bee misses you.
The killer bee stings you but does no damage.
The queen bee stings you. Elyvilon protects you from harm!
It was a potion of brilliance.
You feel clever all of a sudden.
The killer bee stings you but does no damage.
The killer bee stings you! Elyvilon protects you from harm!
The killer bee stings you but does no damage.
The queen bee stings you!
You die...

##..###
#..
####...#
##.#..###
#.#..##
#...##
##..P#
##...##
#....#
####@#
#yy# yy##
y### .y
%. %%%
###


You could see a queen bee and 5 killer bees.

Vanquished Creatures
  A two-headed ogre (D:9)
  A deep elf mage (D:10)
  A hornet (D:9)
  A troll (D:9)
  A hippogriff (D:8)
  3 wyverns
  A spriggan (D:10)
  5 yaks (D:10)
  A wraith (D:10)
  A basilisk (D:10)
  A hungry ghost (D:4)
  4 wargs
  Menkaure (Ossuary)
  A water moccasin (D:6)
  A hornet zombie (D:9)
  An acid dragon (D:10)
  4 ice beasts
  An orc warrior (D:6)
  2 sky beasts
  A black bear (D:10)
  A phantom (D:6)
  8 necrophages
  6 ogres
  3 centaurs
  A crocodile (D:10)
  3 big kobolds
  2 bullfrogs (D:6)
  A wyvern zombie (D:6)
  2 scorpions (D:4)
  A wyvern skeleton (D:10)
  17 killer bees
  8 wights
  3 howler monkeys (D:7)
  3 crimson imps
  A centaur zombie (D:5)
  A bullfrog zombie (D:10)
  A bullfrog skeleton (D:4)
  2 hounds
  Crazy Yiuf (D:6)
  5 jellies
  A centaur skeleton (D:6)
  Jessica (D:2)
  2 iguanas
  An orc wizard (D:9)
  Terence (D:1)
  7 worker ants
  Natasha (thrice) (D:2)
  A killer bee zombie (D:9)
  2 hound zombies
  A hound skeleton (D:9)
  3 mummies (Ossuary)
  10 adders
  2 shadow imps
  An ooze (D:4)
  An adder zombie (D:7)
  2 adder skeletons
  2 worms
  A dart slug (D:4)
  11 leopard geckos
  10 orcs
  4 giant cockroaches
  A gnoll zombie (Ossuary)
  7 goblins
  7 hobgoblins
  11 jackals
  18 kobolds
  4 quokkas
  2 ball pythons
  A bat (D:1)
  6 frilled lizards
  5 gnoll skeletons (Ossuary)
  2 goblin skeletons (Ossuary)
  6 goblin zombies (Ossuary)
  2 hobgoblin skeletons (Ossuary)
  4 hobgoblin zombies (Ossuary)
  2 jackal skeletons
  A kobold skeleton (Ossuary)
  4 kobold zombies (Ossuary)
  A leopard gecko zombie (D:5)
  4 orc skeletons (Ossuary)
  3 orc zombies (Ossuary)
  A quokka zombie (D:7)
  6 rats
  3 rat skeletons (Ossuary)
  4 rat zombies (Ossuary)
275 creatures vanquished.

Vanquished Creatures (others)
  2 gnoll skeletons (Ossuary)
  2 goblin skeletons (Ossuary)
  2 kobold skeletons (Ossuary)
  2 kobold zombies (Ossuary)
  An orc skeleton (Ossuary)
  An orc zombie (Ossuary)
  A rat skeleton (Ossuary)
11 creatures vanquished.

Grand Total: 286 creatures vanquished

Notes
Turn   | Place    | Note
-------+----------+-------------------------------------------
     0 | D:1      | Knicklaso the Gargoyle Earth Elementalist began the quest
                  | for the Orb.
     0 | D:1      | Reached XP level 1. HP: 10/10 MP: 3/3
   261 | D:1      | Reached skill level 4 in Earth Magic
   261 | D:1      | Reached XP level 2. HP: 7/16 MP: 3/5
   936 | D:2      | Reached skill level 1 in Fighting
  1241 | D:2      | Noticed Jessica
  1244 | D:2      | Killed Jessica
  1244 | D:2      | Reached XP level 3. HP: 20/20 MP: 3/6
  1276 | D:2      | Found a faded altar of an unknown god.
  1431 | D:2      | Found a glowing golden altar of the Shining One.
  1441 | D:2      | Found a bloodstained altar of Trog.
  1520 | D:2      | Reached XP level 4. HP: 25/25 MP: 7/7
  1548 | D:2      | Noticed Terence
  1792 | D:1      | Killed Terence
  1792 | D:1      | Reached skill level 5 in Earth Magic
  2019 | D:2      | Noticed Natasha
  2034 | D:2      | Killed Natasha
  2045 | D:2      | Reached XP level 5. HP: 23/30 MP: 4/9
  2081 | D:2      | Noticed Natasha
  2084 | D:2      | Killed Natasha
  2124 | D:2      | Found a sparkling altar of Nemelex Xobeh.
  2336 | D:2      | Noticed Natasha
  2340 | D:2      | Killed Natasha
  2781 | D:3      | Found an ornate altar of the Wu Jian Council.
  3057 | D:3      | Reached skill level 6 in Earth Magic
  3439 | D:4      | Reached XP level 6. HP: 16/36 MP: 7/10
  3604 | D:4      | Noticed a hungry ghost
  3607 | D:4      | Killed a hungry ghost
  3745 | D:4      | Found a staircase to the Ecumenical Temple.
  3762 | D:4      | Reached skill level 7 in Earth Magic
  3762 | D:4      | Reached XP level 7. HP: 18/41 MP: 10/12
  3941 | Temple   | Entered the Ecumenical Temple
  4205 | Temple   | Became a worshipper of Elyvilon the Healer
  4266 | D:4      | Found a radiant altar of Vehumet.
  4266 | D:4      | Found a sparkling altar of Nemelex Xobeh.
  4267 | D:4      | Found an iron altar of Okawaru.
  4283 | D:4      | Found a snail-covered altar of Cheibriados.
  4609 | D:4      | Got a sheer robe
  4613 | D:4      | Identified the +1 robe of Firiqav {rElec rPois MR+ Int+3}
                  | (You found it on level 4 of the Dungeon)
  5100 | D:5      | Entered Level 5 of the Dungeon
  5107 | D:5      | Got a bone hand axe
  5109 | D:5      | Identified the cursed +3 hand axe of Spores {freeze, rF+}
                  | (You found it on level 5 of the Dungeon)
  5218 | D:5      | Reached * piety under Elyvilon
  5251 | D:5      | Reached skill level 1 in Invocations
  5627 | D:5      | Reached skill level 8 in Earth Magic
  5627 | D:5      | Reached XP level 8. HP: 38/48 MP: 10/14
  6332 | D:6      | Learned a level 2 spell: Passwall
  6336 | D:6      | Learned a level 3 spell: Stone Arrow
  6342 | D:6      | Learned a level 5 spell: Lee's Rapid Deconstruction
  6488 | D:6      | Reached skill level 5 in Fighting
  6488 | D:6      | Reached skill level 9 in Earth Magic
  6752 | D:6      | Reached ** piety under Elyvilon
  6762 | D:6      | Reached skill level 5 in Spellcasting
  6762 | D:6      | Reached XP level 9. HP: 38/54 MP: 16/16
  7405 | D:6      | Found a runed door.
  7410 | D:6      | Noticed Crazy Yiuf
  7411 | D:6      | Killed Crazy Yiuf
  7457 | D:6      | Found a sacrificial altar of Ru.
  7539 | D:7      | Found Emoikkoz's Distillery.
  7594 | D:7      | Found a sand-covered staircase.
  7612 | Ossuary  | Entered an ossuary
  7901 | Ossuary  | Noticed Menkaure
  7903 | Ossuary  | Killed Menkaure
  8165 | D:7      | Found a hazy altar of Hepliaklqana.
  8172 | D:7      | Reached *** piety under Elyvilon
  8177 | D:7      | Found Silloufi's Book Boutique.
  8241 | D:7      | Bought a book of Minor Magic for 220 gold pieces
  8245 | D:7      | Learned a level 3 spell: Mephitic Cloud
  8351 | D:7      | Bought a potion of heal wounds for 65 gold pieces
  8481 | D:7      | Found Rexem's Antique Armour Shop.
  8494 | D:7      | Found Kegg's Assorted Antiques.
  8569 | D:7      | Reached skill level 1 in Conjurations
  8875 | D:7      | Found Asicimas's Book Emporium.
  9294 | D:8      | Got an ichor-stained war axe
  9313 | D:8      | Identified the cursed +1 war axe "Kuudes" {flame, Int+4}
                  | (You found it on level 8 of the Dungeon)
  9367 | D:8      | Reached skill level 5 in Invocations
  9371 | D:8      | Reached XP level 10. HP: 13/61 MP: 10/17
  9848 | D:8      | Reached **** piety under Elyvilon
 10052 | D:9      | Reached skill level 5 in Conjurations
 10818 | D:9      | Found Kacadeze's Magic Scroll Shop.
 11021 | D:9      | Reached ***** piety under Elyvilon
 11033 | D:9      | Noticed a two-headed ogre
 11040 | D:9      | Killed a two-headed ogre
 11040 | D:9      | Reached skill level 5 in Dodging
 11197 | D:9      | Found a burning altar of Makhleb.
 11398 | D:10     | Entered Level 10 of the Dungeon
 11402 | D:10     | Found a staircase to the Orcish Mines.
 11637 | D:10     | Reached XP level 11. HP: 68/68 MP: 14/18
 11644 | D:10     | Noticed a deep elf mage
 11696 | D:10     | Killed a deep elf mage
 11787 | D:10     | Learned a level 3 spell: Conjure Flame
 12169 | D:10     | Reached skill level 1 in Poison Magic
 12190 | D:10     | Reached skill level 1 in Air Magic
 12281 | D:10     | Found a staircase to the Lair.
 12471 | D:10     | Found Puecen's Armour Shop.
 13039 | Lair:1   | Entered Level 1 of the Lair of Beasts
 13114 | Lair:1   | Elyvilon protects you from harm!
 13117 | Lair:1   | Elyvilon protects you from harm!
 13119 | Lair:1   | Was placed under penance by Elyvilon
 13119 | Lair:1   | Elyvilon protects you from harm!
 13123 | Lair:1   | Elyvilon protects you from harm!
 13125 | Lair:1   | Elyvilon protects you from harm!
 13126 | Lair:1   | Elyvilon protects you from harm!
 13126 | Lair:1   | Mangled by a queen bee

Skill      XL: |  1  2  3  4  5  6  7  8  9 10 11 |
---------------+----------------------------------+-----
Earth Magic    | 4 5 6 7 8 9 |  9.8
Fighting       | 1 2 3 4 5 6 7 8 |  8.5
Spellcasting   | 3 4 5 |  5.3
Invocations    | 2 3 5 6 7 |  7.5
Dodging        | 2 3 4 5 6 |  6.0
Conjurations   | 4 7 8 |  8.0
Poison Magic   | 2 |  2.0
Air Magic      | 1 |  1.6
Stealth        | |  2.1
Transmutations | |  0.7

Action                   |  1- 3 |  4- 6 |  7- 9 | 10-12 || total
-------------------------+-------+-------+-------+-------++-------
Melee: Club              |    66 |   151 |       |       ||   217
       Whip              |       |    31 |    39 |       ||    70
       Hand axe          |       |       |   499 |   271 ||   770
 Cast: Sandblast         |    12 |    46 |    40 |    43 ||   141
       Stone Arrow       |       |       |     3 |    44 ||    47
       Lee's Rapid Decon |       |       |       |     8 ||     8
       Conjure Flame     |       |       |       |     2 ||     2
Invok: Divine Protection |       |       |       |     1 ||     1
       Greater Healing   |       |       |       |     1 ||     1
  Use: Potion            |       |     1 |       |     6 ||     7
       Scroll            |       |       |     7 |     1 ||     8
 Stab: Sleeping          |     3 |     1 |     4 |       ||     8
       Distracted        |     1 |       |       |       ||     1
  Eat: Chunk             |     2 |     8 |    12 |    15 ||    37
       Ration            |       |       |     2 |     1 ||     3
Armor: Robe              |    15 |    81 |   262 |   203 ||   561
Dodge: Dodged            |    56 |   163 |   428 |   310 ||   957
